 Dungeon Crawl Stone Soup version 0.28-a0-630-g0357d9c091 (webtiles) character file.

Game seed: 10771642222229291964

37 Conn the Firebug (level 3, -3/21 HPs)
             Began as an Octopode Fire Elementalist on Oct 9, 2021.
             Slain by an orc (4 damage)
             ... on level 3 of the Dungeon.
             The game lasted 00:02:19 (2713 turns).

Conn the Firebug (Octopode Fire Elementalist)       Turns: 2713, Time: 00:02:19

Health: -3/21      AC:  1    Str:  7    XL:     3   Next: 41%
Magic:  5/6        EV: 13    Int: 18    God:
Gold:   68         SH:  0    Dex: 12    Spells: 5/6 levels left

rFire   . . .      SeeInvis .   g - +1 short sword (drain)
rCold   . . .      Faith    .   (no shield)
rNeg    . . .      Spirit   .   (helmet restricted)
rPois   .          Reflect  .   (no amulet)
rElec   .          Harm     .   (no ring)
rCorr   .          Rampage  .   (no ring)
Will    .....                   (no ring)
Stlth   +++.......              (no ring)
HPRegen 0.07/turn               (no ring)
MPRegen 0.10/turn               (no ring)
                                (no ring)
                                (no ring)

@: mighty, attractive
A: almost no armour, amphibious, 8 rings, camouflage 1, gelatinous body 1,
(nimble swimmer 1), tentacles
a: no special abilities


You were on level 3 of the Dungeon.
You visited 1 branch of the dungeon, and saw 3 of its levels.

You collected 68 gold pieces.

Inventory:

Hand Weapons
 b - a +0 dagger
 g - a +1 short sword of draining (weapon)
Missiles
 i - 5 curare-tipped darts (quivered)
Scrolls
 a - a scroll of amnesia {unknown}
 c - a scroll of magic mapping {unknown}
 d - 3 scrolls of teleportation {unknown}
 j - a scroll of silence {unknown}


   Skills:
 + Level 2.2 Dodging
 + Level 3.0 Stealth
 + Level 2.4 Spellcasting
 + Level 1.2 Conjurations
 + Level 3.6 Fire Magic


You had 5 spell levels left.
You knew the following spells:

 Your Spells              Type           Power      Damage    Failure   Level
a - Foxfire               Conj/Fire      40%        2x1d6     6%          1

Your spell library contained the following spells:

 Spells                   Type           Power      Damage    Failure   Level
 Scorch                   Fire           30%        2d7       6%          2
 Conjure Flame            Conj/Fire      10%        6-21      19%         3
 Inner Flame              Hex/Fire       8%         N/A       24%         3
 Flame Wave               Conj/Fire      10%        3d4       54%         4


Dungeon Overview and Level Annotations

Branches:
Dungeon (3/15)

Altars:


Innate Abilities, Weirdness & Mutations

You cannot wear most types of armour.
You are amphibious.
You can wear up to eight rings at the same time.
Your skin changes colour to match your surroundings (Stealth+).
Your rubbery body absorbs attacks. (AC +1, EV +1)
((You are camouflaged near water. (Stealth+)))
You have tentacles for arms and can constrict up to eight enemies at once.


Message History

The helpless hobgoblin fails to defend itself.
You hit the hobgoblin.
You kill the hobgoblin!
An orc comes into view. It is wielding a +0 club.
An orc comes into view. It is wielding a +0 dagger.
An orc priest comes into view. It is wielding a +0 hand axe.
Found 9 bolts.
An orc priest comes into view. It is wielding a +0 club.
The orc shouts!
The orc priest shouts! x2; The orc shouts!
You hit the orc but do no damage. You grab the orc.
You constrict the orc, but do no damage.
The orc priest looks satisfied for a moment.
The orc closely misses you.
The orc throws a stone.
The stone barely misses you.
You release your grip on the orc.
Casting: Foxfire (safe; 6% risk of failure)
Confirm with . or Enter, or press ? or * to list all spells.
You conjure some foxfire!
The orc barely misses you.
The foxfire hits the orc priest.
The orc priest is lightly wounded.
Unknown command.
Okay, then.
Okay, then.
It was a potion of curing.
You feel better. The orc hits you with a +0 club.
It was a potion of attraction.
You feel attractive to monsters. The orc hits you with a +0 club.
The orc priest calls down the wrath of Beogh upon you.
Beogh smites you!
Ouch! That really hurt!
* * * LOW HITPOINT WARNING * * *
The orc priest is attracted toward you.
Unknown command.
Okay, then.
Your foxfire dissipates!
The orc throws a stone.
The stone closely misses you.
It was a potion of might.
You feel very mighty all of a sudden. The orc hits you with a +0 club.
You die...

#.......#.##
#..........#
#..........#
#...ยง......#
#..........#
########.###...#
.......ooo.....#
########o###...#
#@# ## #.# #.#
####.###
#......#
#......#
#......#
#......#
#......#


You could see 2 orc priests and 2 orcs.

Vanquished Creatures
  3 dart slugs
  5 endoplasms
  2 goblins (D:1)
  5 hobgoblins
  A ball python (D:1)
  4 bats
  3 frilled lizards (D:1)
  4 kobolds
  3 rats
30 creatures vanquished.

Vanquished Creatures (others)
  64 foxfires
64 creatures vanquished.

Grand Total: 94 creatures vanquished

Notes
Turn   | Place    | Note
-------+----------+-------------------------------------------
     0 | D:1      | Conn the Octopode Fire Elementalist began the quest for the
                  | Orb.
     0 | D:1      | Reached XP level 1. HP: 11/11 MP: 3/3
   366 | D:1      | Reached XP level 2. HP: 10/17 MP: 0/5
  1465 | D:2      | Reached XP level 3. HP: 21/21 MP: 2/6
  1632 | D:2      | Found a faded altar of an unknown god.
  2711 | D:3      | HP: 1/21 [orc priest/divine providence (13)]
  2713 | D:3      | Slain by an orc

Illustrated notes

Levels and vault maps discovered:
D:1:      dpeg_arrival_morbid_curiosity, layout_basic
D:2:      layout_basic, ebering_ecumenical_altar_abandoned, fountainhead
D:3:      layout_basic, lemuel_coloured_pillars_altar

Skill      XL: |  1  2 |
---------------+-------+-----
Stealth        | 3 |  3.0
Dodging        | |  2.2
Spellcasting   | |  2.4
Conjurations   | |  1.2
Fire Magic     | |  3.6

Action                   || total
-------------------------++-------
Melee: Constrict         ||     5
       Unarmed           ||     4
       Tentacles         ||     3
       Dagger            ||     1
       Short sword       ||    10
 Cast: Foxfire           ||    40
  Use: Potion            ||     3
 Stab: Sleeping          ||     3
Armor: Skin              ||     2
Dodge: Dodged            ||    15

Table legend: (Time is in decaauts)
 A = Elapsed time spent in this place.
 B = Non-inter-level travel time spent in this place.
 C = Inter-level travel time spent in this place.
 D = Time resting spent in this place.
 E = Time spent auto-exploring this place.
 F = Levels seen in this place.
 G = Mean time per level.
                   A        B        C        D        E       F      G
               +--------+--------+--------+--------+--------+-----+--------+
         Total |   2712 |   2595 |    117 |      0 |   2298 |   3 |  904.0 |
       Dungeon |   2712 |   2595 |    117 |      0 |   2298 |   3 |  904.0 |
               +--------+--------+--------+--------+--------+-----+--------+

Top non-repeatable levels by time:
     D:1: 1300 daAuts
     D:2: 1197 daAuts
     D:3: 215 daAuts
